 Dungeon Crawl Stone Soup version 0.29-a0-284-gf9362112df (webtiles) character file.

Game seed: 8725867984657393503

76 gzilladon the Chopper (level 4, 0/41 HPs)
             Began as a Hill Orc Monk on Mar 25, 2022.
             Killed from afar by an orc wizard (3 damage)
             ... with a puff of flame
             ... on level 3 of the Dungeon.
             The game lasted 00:09:09 (2532 turns).

gzilladon the Chopper (Hill Orc Monk)               Turns: 2532, Time: 00:09:10

Health: 0/41       AC:  6    Str: 15    XL:     4   Next: 32%
Magic:  4/4        EV:  7    Int: 10    God:
Gold:   84         SH:  0    Dex: 13    Spells: 3/3 levels left

rFire   + . .      SeeInvis .   c - +3 hand axe
rCold   . . .      Faith    .   (no shield)
rNeg    . . .      Spirit   .   f - +2 chain mail {rF+}
rPois   .          Reflect  .   (helmet restricted)
rElec   .          Harm     .   (no cloak)
rCorr   .          Rampage  .   (no gloves)
Will    .....                   (no boots)
Stlth   ..........              (no amulet)
HPRegen 0.13/turn               (no ring)
MPRegen 0.09/turn               (no ring)

@: no status effects
A: horns 1, deformed body, deterioration 1
a: no special abilities


You were on level 3 of the Dungeon.
You visited 1 branch of the dungeon, and saw 3 of its levels.

You collected 84 gold pieces.

Inventory:

Hand Weapons
 a - a +1 hand axe
 c - a +3 hand axe (weapon)
 e - a +0 war axe
Missiles
 d - 38 stones (quivered)
 j - 6 boomerangs
 k - 5 atropa-tipped darts
Armour
 b - a +1 robe
 f - a +2 chain mail of fire resistance (worn)
Scrolls
 g - 4 scrolls of teleportation
 i - 4 scrolls of identify
 q - a scroll of fog
Potions
 o - a potion of degeneration


   Skills:
 + Level 4.3 Fighting
 + Level 5.3 Axes
 + Level 3.0 Dodging
 - Level 1.5 Stealth


You had 3 spell levels left.
You didn't know any spells.
Your spell library contained the following spells:

 Spells                   Type           Power      Damage    Failure   Level
 Sublimation of Blood     Necr           0%         N/A       100%        2
 Petrify                  Tmut/Erth      0%         N/A       100%        4
 Irradiate                Conj/Tmut      0%         3d13      100%        5


Dungeon Overview and Level Annotations

Branches:
Dungeon (3/15)

Altars:


Innate Abilities, Weirdness & Mutations

You have a pair of small horns on your head.
Armour fits poorly on your strangely shaped body.
Your body sometimes deteriorates upon taking damage.


Message History

You bump into the rock wall.
The orc wizard hits you but does no damage.
You're too confused to move!
The orc wizard barely misses you.
You're too confused to move!
The orc wizard hits you but does no damage.
The orc wizard hits you with a +0 dagger.
You bump into the rock wall.
The orc wizard mumbles some strange words.
The orc wizard flickers and vanishes!
Deactivating autopickup; reactivate with Ctrl-A.
You barely miss something.
You hear some strange, mumbled words.
A magic dart appears from out of thin air!
The magic dart hits you.
* * * LOW HITPOINT WARNING * * *
You are too confused!
You are too confused!
Something hits you.
* * * LOW HITPOINT WARNING * * *
You feel less confused. Something hits you but does no damage.
Something hits you.
* * * LOW HITPOINT WARNING * * *
Something hits you but does no damage. Something hits you but does no damage.
Something hits you.
* * * LOW HITPOINT WARNING * * *
Items here: ( ) [ †.
c - a +3 hand axe You hear some strange, mumbled words.
A magic dart appears from out of thin air!
The magic dart hits you.
* * * LOW HITPOINT WARNING * * *
c - a +3 hand axe (weapon)
Something hits you but does no damage.
You see here a +0 dagger.
You hear some strange, mumbled words.
A puff of flame appears from out of thin air!
The puff of flame hits you. You resist.
You die...

.†.....#.#[..###.... ..#####
#......#.#........... .......
#......#.###.###.######.......
####.###.#...# #.# #..........
#.# #...P..##+###.....#### #.#
#.P.♣♣♣.).........#
#.###..P♣♣..[.....)...#
#.......PP)#{......####
#####......#.@.....#
######.#.......# #.##+###..#
#.# #♣.♣ #.# ♣.P♣ ... ♣(.. ...
##.


There were no monsters in sight!

Vanquished Creatures
  An orc wizard (D:3)
  2 adders (D:3)
  A worm (D:2)
  4 dart slugs
  4 orcs (D:3)
  3 endoplasms
  2 giant cockroaches
  4 goblins
  2 hobgoblins
  2 quokkas
  4 ball pythons (D:1)
  3 bats
  A frilled lizard (D:3)
  3 kobolds
36 creatures vanquished.

Vanquished Creatures (others)
  A plant (D:3)
1 creature vanquished.

Grand Total: 37 creatures vanquished

Notes
Turn   | Place    | Note
-------+----------+-------------------------------------------
     0 | D:1      | gzilladon the Hill Orc Monk began the quest for the Orb.
     0 | D:1      | Reached XP level 1. HP: 19/19 MP: 1/1
   245 | D:1      | Found a faded altar of an unknown god.
   538 | D:1      | Reached XP level 2. HP: 19/27 MP: 2/2
  1201 | D:2      | Reached XP level 3. HP: 30/33 MP: 3/3
  1538 | D:2      | HP: 1/33 [worm (8)]
  2131 | D:2      | Gained mutation: Your body sometimes deteriorates upon
                  | taking damage. [potion of mutation]
  2131 | D:2      | Gained mutation: Armour fits poorly on your strangely
                  | shaped body. [potion of mutation]
  2131 | D:2      | Gained mutation: You have a pair of small horns on your
                  | head. [potion of mutation]
  2280 | D:3      | Reached skill level 5 in Axes
  2288 | D:3      | Reached XP level 4. HP: 25/40 MP: 4/4
  2528 | D:3      | HP: 2/41 [something/magic dart (3)]
  2532 | D:3      | Killed from afar by an orc wizard

Illustrated notes

Levels and vault maps discovered:
D:1:      eino_arrival_tree_alley, layout_loops_ring,
          hellmonk_ecumenical_altar_heavens_door
D:2:      layout_rooms
D:3:      layout_basic, serial_forest, infiniplex_forest_clump_small,
          infiniplex_forest_diagonal, infiniplex_forest_straight_2,
          infiniplex_forest_end_double, infiniplex_forest_clump_large,
          infiniplex_forest_side_room

Skill      XL: |  1  2  3 |
---------------+----------+-----
Fighting       | 4 |  4.3
Axes           | 5 |  5.3
Dodging        | 3 |  3.0
Stealth        | |  1.5

Action                   |  1- 3 |  4- 6 || total
-------------------------+-------+-------++-------
Melee: Hand axe          |   104 |       ||   104
       Punch             |     1 |       ||     1
       Headbutt          |     1 |     9 ||    10
       War axe           |       |    38 ||    38
  Use: Scroll            |     7 |       ||     7
       Potion            |     5 |     1 ||     6
 Stab: Sleeping          |     2 |       ||     2
Armor: Robe              |    28 |       ||    28
       Chain mail        |       |    35 ||    35
Dodge: Dodged            |    69 |     6 ||    75

Table legend: (Time is in decaauts)
 A = Elapsed time spent in this place.
 B = Non-inter-level travel time spent in this place.
 C = Inter-level travel time spent in this place.
 D = Time resting spent in this place.
 E = Time spent auto-exploring this place.
 F = Levels seen in this place.
 G = Mean time per level.
                   A        B        C        D        E       F      G
               +--------+--------+--------+--------+--------+-----+--------+
         Total |   2547 |   2500 |     47 |   1123 |      0 |   3 |  849.0 |
       Dungeon |   2547 |   2500 |     47 |   1123 |      0 |   3 |  849.0 |
               +--------+--------+--------+--------+--------+-----+--------+

Top non-repeatable levels by time:
     D:2: 1207 daAuts
     D:1: 1031 daAuts
     D:3: 308 daAuts
